 Dungeon Crawl Stone Soup version 0.28-a0-1613-gdaab1c2f9b (webtiles) character file.

Game seed: 2847383627721555770

130 soggyman666 the Magician (level 5, -2/35 HPs)
             Began as a Djinni Hedge Wizard on Jan 22, 2022.
             Frozen to death by an endoplasm (6 damage)
             ... on level 5 of the Dungeon.
             The game lasted 00:18:15 (3695 turns).

soggyman666 the Magician (Djinni Hedge Wizard)      Turns: 3695, Time: 00:18:16

Health: -2/35      AC:  4    Str:  9    XL:     5   Next: 36%
Gold:   142        EV: 12    Int: 17    God:
                   SH:  0    Dex: 13

rFire   + + .      SeeInvis .   (no weapon)
rCold   x . .      Faith    .   (no shield)
rNeg    . . .      Spirit   .   b - +0 robe
rPois   ∞          Reflect  .   c - +1 hat
rElec   .          Harm     .   (no cloak)
rCorr   .          Rampage  .   g - +0 pair of gloves
Will    .....                   (boots unavailable)
Stlth   ++........              (no amulet)
HPRegen 0.11/turn               f - ring of wizardry
MPRegen 0.00/turn               (no ring)

@: about to teleport, flying
A: sickness immunity, fire resistance 2, cold vulnerability 1, float, innate
caster, hp casting, extra vitality 1
a: no special abilities


You were on level 5 of the Dungeon.
You visited 1 branch of the dungeon, and saw 5 of its levels.

You collected 142 gold pieces.

Inventory:

Armour
 b - a +0 robe (worn)
 c - a +1 hat (worn)
 g - a +0 pair of gloves (worn)
Jewellery
 f - a ring of wizardry (left hand)
Scrolls
 d - a scroll of enchant weapon
Potions
 a - a potion of cancellation
 e - a potion of resistance
 h - a potion of curing
 j - a potion of invisibility {unknown}
 k - a potion of lignification {unknown}
 l - a potion of magic {unknown}


   Skills:
 + Level 2.4 Dodging
 + Level 1.8 Stealth
 + Level 4.2 Spellcasting


You couldn't memorise any spells.
You knew the following spells:

 Your Spells              Type           Power      Damage    Failure   Level
a - Magic Dart            Conj           72%        1d6       1%          1
b - Ensorcelled Hibernat  Hex/Ice        36%        N/A       1%          2
c - Call Imp              Summ           18%        N/A       1%          2
d - Slow                  Hex            72%        N/A       1%          1
e - Conjure Flame         Conj/Fire      18%        6-21      3%          3
f - Mephitic Cloud        Conj/Pois/Air  18%        N/A       3%          3
o - Apportation           Tloc           36%        N/A       1%          1
p - Blink                 Tloc           36%        N/A       1%          2
Your spell library was empty.

Dungeon Overview and Level Annotations

Branches:
Dungeon (5/15)
 Temple: D:4-7

Altars:

Shops:
D:2 *

Annotations:
D:3 Robin


Innate Abilities, Weirdness & Mutations

You are immune to sickness and miasma.
You are immune to poison.
Your flesh is very heat resistant. (rF++)
You are vulnerable to cold. (rC-)
You float through the air rather than walking.
You learn spells naturally, not from books.
Your magical power is your life essence.
You have superior vitality. (+4 MHP)


Message History

Found a leather armour.
Found a stone staircase leading up.
An orc comes into view. It is wielding a +0 dagger of pain.
You see here 5 gold pieces.
The jackal bites you. The endoplasm closely misses you.
There is a stone staircase leading down here.
The endoplasm barely misses you. The jackal closely misses you.
You fly downwards.
Found 13 gold pieces.
There is a stone staircase leading up here.
Casting: Mephitic Cloud (dangerous; 3% risk of failure)
Confirm with . or Enter, or press ? or * to list all spells.
Aiming: Magic Dart (safe; 1% risk of failure)
Press: ? - help, Shift-Dir - straight line, f - endoplasm
Aim: an endoplasm (100% to hit)
The magic dart hits the endoplasm.
The endoplasm is moderately wounded.
The endoplasm freezes you.
You are frozen.
You feel a terrible chill!
* * * LOW HITPOINT WARNING * * *
The jackal bites you.
* * * LOW HITPOINT WARNING * * *
Casting: Magic Dart (safe; 1% risk of failure)
Confirm with . or Enter, or press ? or * to list all spells.
Aiming: Magic Dart (safe; 1% risk of failure)
Press: ? - help, Shift-Dir - straight line, f/p - endoplasm
Aim: an endoplasm (moderately wounded, 100% to hit)
The magic dart hits the endoplasm.
The endoplasm is heavily wounded.
* * * LOW HITPOINT WARNING * * *
The endoplasm freezes you.
You are frozen.
You feel a terrible chill!
* * * LOW HITPOINT WARNING * * *
The jackal closely misses you.
As you read the scroll of teleportation, it crumbles to dust.
You feel strangely unstable.
The jackal bites you but does no damage.
The endoplasm freezes you.
You are frozen.
You feel a terrible chill!
You die...

# #.
###.###
#....J#
#....@#
#...h.#
#.....#
#...^.#
#######


You could see an endoplasm and a jackal.

Vanquished Creatures
  2 adders
  4 gnolls (D:2)
  3 worms
  A dart slug (D:1)
  11 ball pythons
  4 bats
  An endoplasm (D:2)
  2 giant cockroaches
  2 goblins
  2 hobgoblins
  A quokka (D:2)
  6 frilled lizards
  5 kobolds
  5 rats
49 creatures vanquished.

Vanquished Creatures (collateral kills)
  A howler monkey zombie (D:3)
  A dart slug (D:1)
  A ball python (D:1)
  A rat (D:1)
4 creatures vanquished.

Grand Total: 53 creatures vanquished

Notes
Turn   | Place    | Note
-------+----------+-------------------------------------------
     0 | D:1      | soggyman666 the Djinni Hedge Wizard began the quest for the
                  | Orb.
     0 | D:1      | Reached XP level 1. HP: 15/15 MP: 0/0
   427 | D:1      | Found a faded altar of an unknown god.
   431 | D:1      | Reached XP level 2. HP: 18/21 MP: 0/0
   826 | D:1      | Reached skill level 3 in Spellcasting
  1279 | D:1      | Reached XP level 3. HP: 22/25 MP: 0/0
  1279 | D:1      | Learned a level 1 spell: Apportation
  2046 | D:2      | Found Ynunti's Assorted Antiques.
  2067 | D:2      | Reached XP level 4. HP: 21/31 MP: 0/0
  2437 | D:2      | HP: 1/31 [gnoll (6)]
  2865 | D:2      | Reached skill level 4 in Spellcasting
  3109 | D:3      | Reached XP level 5. HP: 20/35 MP: 0/0
  3109 | D:3      | Learned a level 2 spell: Ensorcelled Hibernation
  3669 | D:3      | Noticed Robin
  3692 | D:5      | Entered Level 5 of the Dungeon
  3695 | D:5      | Frozen to death by an endoplasm

Illustrated notes

Levels and vault maps discovered:
D:1:      dpeg_arrival_tiny_a, layout_loops_cross,
          nicolae_ecumenical_snake_handling, minmay_pentomino_x2
D:2:      layout_rooms, serial_shops, nicolae_shop_window_shopping
D:3:      layout_loops_ring, minmay_quadrilaterals, uniq_crazy_yiuf_cottage,
          uniq_jessica, uniq_robin
D:4:      layout_rooms
D:5:      cheibrodos_two_vegetables, layout_loops_cross, kennysheep_slug_shrine,
          kennysheep_generic_room_12

Skill      XL: |  1  2  3  4 |
---------------+-------------+-----
Spellcasting   | 3 4 |  4.2
Dodging        | |  2.4
Stealth        | |  1.8

Action                   |  1- 3 |  4- 6 || total
-------------------------+-------+-------++-------
Melee: Unarmed           |       |     1 ||     1
 Cast: Magic Dart        |    62 |    67 ||   129
       Call Imp          |     4 |     2 ||     6
       Slow              |     7 |    15 ||    22
       Blink             |     1 |       ||     1
       Mephitic Cloud    |     2 |     3 ||     5
       Conjure Flame     |     1 |     8 ||     9
       Ensorcelled Hiber |       |     4 ||     4
  Use: Scroll            |     5 |     3 ||     8
       Potion            |       |     1 ||     1
Armor: Robe              |     2 |    12 ||    14
Dodge: Dodged            |     9 |    26 ||    35

Table legend: (Time is in decaauts)
 A = Elapsed time spent in this place.
 B = Non-inter-level travel time spent in this place.
 C = Inter-level travel time spent in this place.
 D = Time resting spent in this place.
 E = Time spent auto-exploring this place.
 F = Levels seen in this place.
 G = Mean time per level.
                   A        B        C        D        E       F      G
               +--------+--------+--------+--------+--------+-----+--------+
         Total |   3694 |   3616 |     78 |   1318 |   1726 |   5 |  738.8 |
       Dungeon |   3694 |   3616 |     78 |   1318 |   1726 |   5 |  738.8 |
               +--------+--------+--------+--------+--------+-----+--------+

Top non-repeatable levels by time:
     D:2: 1592 daAuts
     D:1: 1448 daAuts
     D:3: 640 daAuts
     D:4: 10 daAuts
     D:5: 2 daAuts
